 Dungeon Crawl Stone Soup version 0.25-a0-435-g4b9beb1 (webtiles) character file.

Game seed: 6369740590257589924, levelgen mode: deterministic

52 Anathematize the Skirmisher (level 3, 0/31 HPs)
             Began as a Demigod Fighter on Jan 26, 2020.
             Killed from afar by Natasha (7 damage)
             ... with a magic dart
             ... on level 2 of the Dungeon.
             The game lasted 00:06:34 (1441 turns).

Anathematize the Skirmisher (Demigod Fighter)       Turns: 1441, Time: 00:06:34

Health: 0/31       AC:  6    Str: 21    XL:     3   Next: 39%
Magic:  5/5        EV:  7    Int: 12    God:
Gold:   49         SH: 13    Dex: 15    Spells: 2/2 levels left

rFire    . . .     SeeInvis .   a - +0 war axe
rCold    . . .     Gourm    .   c - +0 shield
rNeg     . . .     Faith    .   b - +0 scale mail
rPois    .         Spirit   .   (no helmet)
rElec    .         Reflect  .   (no cloak)
rCorr    .         Harm     .   (no gloves)
MR       .....                  (no boots)
Stlth    ..........             (no amulet)
HPRegen  0.10/turn              (no ring)
MPRegen  0.09/turn              (no ring)

@: flying, hasted and slowed
A: large bone plates 1, blink, high mp 1, MP-powered wands
a: Blink


You were on level 2 of the Dungeon.
You were not hungry.

You visited 1 branch of the dungeon, and saw 2 of its levels.

You collected 49 gold pieces.

Inventory:

Hand Weapons
 a - a +0 war axe (weapon)
Missiles
 l - 22 stones (quivered)
Armour
 b - a +0 scale mail (worn)
 c - a +0 shield (worn)
 e - a cursed +0 helmet
Scrolls
 h - 2 scrolls of magic mapping {unknown}
 i - 2 scrolls of identify {unknown}
 n - a scroll of teleportation {unknown}
 o - a scroll of fear {unknown}
Potions
 d - a potion of might
 j - a potion of flight
Comestibles
 f - 5 rations
 g - 4 chunks of flesh


   Skills:
 + Level 3.2 Fighting
 * Level 3.2 Axes
 - Level 2.6 Armour
 - Level 2.6 Shields


You had 2 spell levels left.
You didn't know any spells.
Your spell library was empty.

Dungeon Overview and Level Annotations

Branches:
Dungeon (2/15)

Annotations:
D:2 Natasha


Innate Abilities, Weirdness & Mutations

You have an increased reservoir of magic. (+10% MP)
You are partially covered in large bone plates. (SH +4)
You can translocate small distances at will.
You expend magic power (3 MP) to strengthen your wands.


Message History

Natasha is lightly wounded.
Natasha barely misses you.
Natasha howls an incantation.
Natasha shimmers violently.
Natasha claws you.
* * * LOW HITPOINT WARNING * * *
It was a potion of flight.
You feel very buoyant.
You fly up into the air.
Natasha claws you.
* * * LOW HITPOINT WARNING * * *
It was a potion of mutation.
You feel extremely strange.
Large bone plates grow over parts of your arms.
You feel your magical essence link to the dungeon's wands.
You feel jittery. Natasha claws you but does no damage.
You block Natasha's attack.
Okay, then.
It was a potion of haste.
You feel yourself speed up. Natasha casts a spell at you.
The magic dart hits you!
You die...

#.......##.##.......#.#.....#...#
####................#.........###
####......................##..#
.......................#####..#
....<..[.#..#..............#..#
.##..#.....................#..#
.##.......#...................#
............................#.#
....#...#....###@h.........##.##
.........h..#####....##.#.#....#
............##............#....#
......###....#.#####.#.........#
......###.#.......##.##..#.....#
...#.###..##......##.##........#
..... #..#..............#......#
...## #.#..####.).###.#.###....##
...###.#.## #...###.#.###.....#


You could see Natasha.

Vanquished Creatures
  A dart slug (D:1)
  3 leopard geckos
  5 goblins
  8 hobgoblins
  8 jackals
  4 kobolds
  5 bats
  4 frilled lizards
  2 rats
40 creatures vanquished.

Vanquished Creatures (others)
  A human (D:2)
1 creature vanquished.

Grand Total: 41 creatures vanquished

Notes
Turn   | Place    | Note
-------+----------+-------------------------------------------
     0 | D:1      | Anathematize the Demigod Fighter began the quest for the
                  | Orb.
     0 | D:1      | Reached XP level 1. HP: 18/18 MP: 3/3
   285 | D:1      | Reached XP level 2. HP: 25/25 MP: 4/4
   959 | D:1      | Reached XP level 3. HP: 31/31 MP: 5/5
  1379 | D:2      | Found an ancient bone altar of Kikubaaqudgha.
  1380 | D:2      | Noticed a human
  1383 | D:2      | Killed a human
  1423 | D:2      | Noticed Natasha
  1440 | D:2      | Gained mutation: You are partially covered in large bone
                  | plates. (SH +4) [potion of mutation]
  1440 | D:2      | Gained mutation: You expend magic power (3 MP) to
                  | strengthen your wands. [potion of mutation]
  1440 | D:2      | Gained mutation: You can translocate small distances at
                  | will. [potion of mutation]
  1441 | D:2      | Killed from afar by Natasha

Levels and vault maps discovered:
D:1:      kennysheep_arrival_forest, layout_loops_cross, glass_columns_a
D:2:      layout_rooms, first_ration, tgw_kikubaaqudgha, uniq_natasha

Skill      XL: |  1  2  3 |
---------------+----------+-----
Axes           | 2 3 |  3.2
Fighting       | 3 |  3.2
Armour         | |  2.6
Shields        | |  2.6

Action                   || total
-------------------------++-------
Melee: War axe           ||   123
  Use: Potion            ||     3
  Eat: Chunk             ||     2
Armor: Scale mail        ||    53
Dodge: Dodged            ||    41
Block: Shield            ||    78

Table legend:
 A = Non-vault XP
 B = Vault XP
 C = Vault XP percentage of total XP
 D = Non-vault monster count
 E = Vault monster count
 F = Vault count percentage of total count
                 A         B        C        D         E       F
            +---------+---------+-------+---------+---------+-------
      Total |      75 |       0 |   0.0 |      40 |       0 |   0.0
            +---------+---------+-------+---------+---------+-------
        D:1 |      48 |       0 |   0.0 |      25 |       0 |   0.0
        D:2 |      27 |       0 |   0.0 |      15 |       0 |   0.0
            +---------+---------+-------+---------+---------+-------
